 Dungeon Crawl Stone Soup version 0.20.0-10-g0535bb4 (webtiles) character file.

270 MTVSty1e the Chopper (level 6, -2/53 HPs)
             Began as a Draconian Berserker on June 3, 2017.
             Was a Believer of Trog.
             Slain by a wight
             ... wielding a cursed +6 battleaxe of freezing
              (4 damage)
             ... on level 3 of the Dungeon.
             The game lasted 00:04:31 (3583 turns).

MTVSty1e the Chopper (Draconian Berserker)          Turns: 3583, Time: 00:04:32

Health: -2/53      AC: 12    Str: 21    XL:     6   Next: 1%
Magic:  6/6        EV: 12    Int:  7    God:    Trog [**....]
Gold:   141        SH:  0    Dex: 11    Spells: 5/5 levels left

rFire    . . .     SeeInvis .   a - +0 hand axe
rCold    . . .     Gourm    .   (no shield)
rNeg     . . .     Faith    .   (armour unavailable)
rPois    .         Spirit   .   (helmet restricted)
rElec    .         Reflect  .   o - +1 cloak
rCorr    .         Harm     .   (no gloves)
MR       ++...                  r - +0 pair of boots
Stlth    +.........             (no amulet)
Regen    1.2/turn               c - +3 ring of protection
MPRegen  0.1/turn               (no ring)

@: berserk cooldown, regenerating, slowed, drained, very slow
A: unfitting armour, cold-blooded, AC +6
a: Berserk, Trog's Hand, Burn Spellbooks, Renounce Religion


You were on level 3 of the Dungeon.
You worshipped Trog.
Trog was pleased with you.
You were not hungry.

You visited 1 branch of the dungeon, and saw 3 of its levels.

You collected 141 gold pieces.

Inventory:

Hand Weapons
 a - a +0 hand axe (weapon)
Armour
 o - a +1 cloak (worn)
 r - a +0 pair of boots (worn)
Jewellery
 c - a +3 ring of protection (left hand)
Scrolls
 d - 2 scrolls of enchant weapon {unknown}
 e - a scroll of immolation {unknown}
 f - a scroll of teleportation {unknown}
 g - 2 scrolls of noise {unknown}
 h - 3 scrolls of identify {unknown}
 j - a scroll of fear {unknown}
 k - a scroll of recharging {unknown}
 m - a scroll of enchant armour {unknown}
 t - a scroll of remove curse {unknown}
Potions
 n - a potion of heal wounds {unknown}
 q - a potion of flight {unknown}
 s - a potion of curing {unknown}
Books
 l - a book of Minor Magic

   Spells                             Type                      Level
   a - Magic Dart                     Conjuration                  1
   b - Blink                          Translocation                2
   c - Call Imp                       Summoning                    2
   d - Slow                           Hexes                        2
   e - Conjure Flame                  Conjuration/Fire             3
   f - Mephitic Cloud                 Conjuration/Poison/Air       3
   Trog disapproves of the use of such an item.
Comestibles
 b - 5 bread rations
 i - 4 royal jellies
 p - 4 fruits


   Skills:
 + Level 4.7(4.0) Fighting
 * Level 6.0(5.2) Axes
 - Level 2.6(2.0) Dodging


You had 5 spell levels left.
You didn't know any spells.

Dungeon Overview and Level Annotations

Branches:
Dungeon (3/15)

Altars:


Innate Abilities, Weirdness & Mutations

Your plain brown scales are hard. (AC +6)
You cannot fit into any form of body armour.
You are cold-blooded and may be slowed by cold attacks.


Message History

You feel resistant to hostile enchantments.
You feel quite a bit more hungry. The wight closely misses you.
You hit the wight but do no damage.
You tail-slap the wight, but do no damage.
The wight hits you with a battleaxe of freezing!
You feel drained.
* * * LOW HITPOINT WARNING * * *
You feel as though you will be slow longer.
The wight freezes you.
* * * LOW HITPOINT WARNING * * *
The wight hits you with a battleaxe of freezing.
* * * LOW HITPOINT WARNING * * *
The wight freezes you.
* * * LOW HITPOINT WARNING * * *
Things that are here:
a flail of protection; a robe The wight hits you with a battleaxe of freezing!
* * * LOW HITPOINT WARNING * * *
You feel drained.
You die...

#####'##
#.#.#.##.# #.#
#.#.#.##.# #.#
#.#.#....# #.#
#.#.######
#.####.#.#
#......#.#
#..#####.# #..#
#.####### #..#
#...@z..#
#..###########[#
#.....# #...#
#..##.# ###.#
#.###.# #.#
#...[.# #..
####### ###


You could see a wight.

Vanquished Creatures
  2 wights (D:3)
  Crazy Yiuf (D:3)
  Robin (D:2)
  8 adders
  3 dart slugs (D:2)
  An orc (D:3)
  8 hobgoblins
  3 jackals (D:1)
  3 ball pythons
  7 bats
  2 frilled lizards
  14 goblins
  9 kobolds
  8 rats
70 creatures vanquished.

Notes
Turn   | Place    | Note
-------+----------+-------------------------------------------
     0 | D:1      | MTVSty1e the Draconian Berserker began the quest for the Orb.
     0 | D:1      | Reached XP level 1. HP: 19/19 MP: 1/1
   556 | D:1      | Reached XP level 2. HP: 26/26 MP: 2/2
   996 | D:2      | Reached skill level 4 in Axes
   996 | D:2      | Reached XP level 3. HP: 11/31 MP: 3/3
  2081 | D:2      | Noticed Robin
  2108 | D:2      | Reached ** piety under Trog
  2108 | D:2      | Reached XP level 4. HP: 33/40 MP: 4/4
  2130 | D:2      | Killed Robin
  2879 | D:3      | Reached skill level 5 in Axes
  3026 | D:3      | Found a runed door.
  3092 | D:3      | Noticed Crazy Yiuf
  3102 | D:3      | Killed Crazy Yiuf
  3102 | D:3      | Reached XP level 5. HP: 25/47 MP: 5/5
  3572 | D:3      | Reached skill level 6 in Axes
  3572 | D:3      | Reached XP level 6. HP: 53/53 MP: 6/6
  3583 | D:3      | HP: 2/53 [wight/battleaxe of freezing (9)]
  3583 | D:3      | Slain by a wight

Skill      XL: |  1  2  3  4  5 |
---------------+----------------+-----
Axes           | 4 5 6 |  6.0
Fighting       | 4 |  4.7
Dodging        | |  2.6

Action                   |  1- 3 |  4- 6 || total
-------------------------+-------+-------++-------
Melee: Hand axe          |   130 |   113 ||   243
       Tailslap          |    12 |    13 ||    25
Invok: Berserk           |     1 |     2 ||     3
       Trog's Hand       |       |     1 ||     1
  Use: Potion            |     1 |       ||     1
 Stab: Invisible         |     1 |       ||     1
       Sleeping          |       |     3 ||     3
  Eat: Fruit             |     3 |       ||     3
       Meat ration       |     1 |       ||     1
       Bread ration      |       |     1 ||     1
Armor: Skin              |    47 |    24 ||    71
Dodge: Dodged            |   104 |    82 ||   186
